 Dungeon Crawl Stone Soup version 0.30.1 (webtiles) character file.

Game seed: 4580290390329141479

1094 Graphine the Cudgeller (level 8, -2/71 HPs)
             Began as an Armataur Monk on July 10, 2023.
             Was a Believer of Okawaru.
             Slain by a gnoll
             ... wielding a +0 halberd
             ... led by a gnoll bouda
              (6 damage)
             ... on level 5 of the Dungeon.
             The game lasted 00:11:04 (4131 turns).

Graphine the Cudgeller (Armataur Monk)              Turns: 4131, Time: 00:11:05

Health: -2/71      AC:  7    Str: 19    XL:     8   Next: 10%
Magic:  8/8        EV: 10    Int: 11    God:    Okawaru [**....]
Gold:   302        SH:  0    Dex: 12    Spells: 7/7 levels left

rFire   . . .        a - +1 mace
rCold   . . .        d - orb {light}
rNeg    . . .        l - +0 ring mail {rPois}
rPois   +            (no helmet)
rElec   .            i - +0 cloak
rCorr   +            (no gloves)
SInv    .            (no barding)
Will    .....        (no amulet)
Stlth   +            b - ring of flight
HPRegen 0.31/turn    p - ring of resist corrosion
MPRegen 0.11/turn

%: roll
@: about to teleport, flying, glowing
A: large, rugged brown scales 3, deformed body, armoured tail, roll, long
tongue, awkward tongue
a: Renounce Religion, Heroism


You were on level 5 of the Dungeon.
You worshipped Okawaru.
Okawaru was pleased with you.
You visited 2 branches of the dungeon, and saw 6 of its levels.

You collected 302 gold pieces.

Inventory:

Hand Weapons
 a - a +1 mace (weapon)
 j - a +0 dagger of draining
 t - a +0 flail
Missiles
 u - 4 javelins (quivered)
Armour
 d - an orb of light (worn)
 i - a +0 cloak (worn)
 l - a +0 ring mail of poison resistance (worn)
Jewellery
 b - a ring of flight (left hand)
 p - a ring of resist corrosion (right hand)
Scrolls
 o - a scroll of torment {unknown}
 r - a scroll of fog {unknown}
 s - a scroll of enchant weapon
 v - a scroll of vulnerability {unknown}
 x - a scroll of immolation {unknown}
Potions
 c - a potion of magic {unknown}
 e - a potion of mutation {unknown}
 f - 2 potions of flight {unknown}
 h - a potion of haste {unknown}
 k - 3 potions of invisibility {unknown}
 m - a potion of lignification
 n - a potion of curing
 q - a potion of cancellation {unknown}
 w - a potion of degeneration {unknown}


   Skills:
 + Level 4.6 Fighting
 + Level 4.7 Maces & Flails
 + Level 4.7 Armour
 + Level 3.9 Dodging
 + Level 4.2 Shields
 + Level 0.9 Invocations


You had 7 spell levels left.
You didn't know any spells.
Your spell library contained the following spells:

 Spells                   Type           Power      Damage    Failure   Level
 Magic Dart               Conj           0%         1d3       52%         1
 Sandblast                Erth           0%         2d4       52%         1
 Passwall                 Tmut/Erth      0%         N/A       65%         2
 Poisonous Vapours        Pois/Air       0%         N/A       65%         2
 Inner Flame              Hex/Fire       0%         N/A       87%         3
 Mephitic Cloud           Conj/Pois/Air  0%         N/A       87%         3
 Stone Arrow              Conj/Erth      0%         3d7       87%         3
 Freezing Cloud           Conj/Ice/Air   0%         6-21      100%        5
 Yara's Violent Unravell  Hex/Tmut       0%         3d3       100%        5
 Enfeeble                 Hex            0%         N/A       100%        7
 Call Imp                 Summ           Unusable   N/A       N/A         2

Dungeon Overview and Level Annotations

Branches:
Dungeon (5/15)             Temple (1/1) D:5

Altars:
Ashenzari
Cheibriados
Elyvilon
Hepliaklqana
Makhleb
Okawaru
Trog
Vehumet
Wu Jian
Xom
Yredelemnul
Zin
The Shining One


Innate Abilities, Weirdness & Mutations

You are completely covered in rugged brown scales. (AC +3, +7% HP)
Armour fits poorly on your strangely shaped body.
You have a long armoured tail.
You roll when moving toward enemies. (Rampage)
Your long tongue fully drains potion bottles. (2x potion effects)
Your tongue gives you trouble enunciating. (1.5x scroll delay)


Message History

The gnoll hits you but does no damage. The gnoll barely misses you.
You roll towards the gnoll!
You sock the gnoll!
The gnoll is severely wounded.
The gnoll bouda hits you with a +0 club!
The gnoll barely misses you. The gnoll hits you with a +0 halberd!
You hit the gnoll. You tail-slap the gnoll.
You kill the gnoll!
Okawaru accepts your kill.
The gnoll bouda hits you but does no damage.
The gnoll closely misses you. The gnoll bouda closely misses you.
You hit the gnoll.
The gnoll is moderately wounded.
The gnoll is no longer moving quickly.
The gnoll hits you with a +0 halberd!
* * * LOW HITPOINT WARNING * * *
The gnoll bouda barks out a call to the hunt!
The gnoll picks up the pace!
You hit the gnoll.
The gnoll is heavily wounded.
The gnoll misses you.
The gnoll bouda hits you with a +0 club.
* * * LOW HITPOINT WARNING * * *
You barely miss the gnoll.
The gnoll is heavily wounded.
The gnoll hits you with a +0 halberd.
* * * LOW HITPOINT WARNING * * *
The gnoll bouda hits you with a +0 club.
* * * LOW HITPOINT WARNING * * *
The gnoll closely misses you.
As you slowly read the scroll of teleportation, it crumbles to dust.
You feel strangely unstable.
The gnoll bouda hits you with a +0 club.
* * * LOW HITPOINT WARNING * * *
The gnoll hits you with a +0 halberd.
* * * LOW HITPOINT WARNING * * *
The gnoll bouda hits you but does no damage.
The gnoll barely misses you.
The gnoll bouda calls upon its god to heal the gnoll.
The gnoll is healed somewhat.
The gnoll hits you from afar with a +0 halberd.
You die...

...... ...#.......#.
.....###.......#...#.
#....#...............
###.##...........###...
#....#....)....###.....
.......)......#.......
###..g......##..#.... #
##..g.............. .
####@................ #.
#.#..............#### #.
#.##...##............##.
#..#.^#.#.####.##..........
#.# #††..####..#....###.##
##### ##.###.>..#....#....#
####
....####...............##.##
.....##...................####
......##..............###.#..#


You could see a gnoll bouda and a gnoll (swift).

Vanquished Creatures
  Duvessa (D:4)
  A black bear (D:5)
  5 scorpions (D:5)
  Dowan (D:4)
  A hound (D:5)
  An orc priest (D:3)
  2 jellies (D:5)
  3 iguanas
  Natasha (thrice) (D:2)
  5 orc wizards
  2 gnolls (D:5)
  4 adders
  2 shadow imps
  An ufetubus (D:5)
  A worm (D:4)
  4 dart slugs
  14 orcs
  8 ball pythons
  5 bats
  3 endoplasms
  5 giant cockroaches
  4 goblins
  5 hobgoblins
  3 quokkas
  2 frilled lizards (D:1)
  7 kobolds
  5 rats
  A butterfly (D:5)
99 creatures vanquished.

Notes
Turn   | Place    | Note
-------+----------+-------------------------------------------
     0 | D:1      | Graphine the Armataur Monk began the quest for the Orb.
     0 | D:1      | Reached XP level 1. HP: 19/19 MP: 1/1
   203 | D:1      | Reached XP level 2. HP: 23/26 MP: 2/2
   736 | D:2      | Reached XP level 3. HP: 33/33 MP: 3/3
   776 | D:2      | Reached skill level 1 in Armour
   851 | D:2      | Reached skill level 1 in Shields
   996 | D:2      | Noticed Natasha
  1003 | D:2      | Killed Natasha
  1004 | D:2      | Reached XP level 4. HP: 25/40 MP: 4/4
  1211 | D:2      | Noticed Natasha
  1220 | D:2      | Killed Natasha
  1474 | D:2      | Noticed Natasha
  1482 | D:2      | Killed Natasha
  1677 | D:3      | Reached XP level 5. HP: 41/48 MP: 5/5
  2288 | D:4      | Reached XP level 6. HP: 43/54 MP: 6/6
  2291 | D:4      | Noticed Dowan
  2296 | D:4      | Noticed Duvessa
  2309 | D:4      | Killed Duvessa
  2324 | D:4      | Killed Dowan
  3123 | D:5      | Entered Level 5 of the Dungeon
  3128 | D:5      | Reached XP level 7. HP: 60/63 MP: 7/7
  3345 | D:5      | Found a staircase to the Ecumenical Temple.
  3358 | Temple   | Entered the Ecumenical Temple
  3485 | Temple   | Became a worshipper of Warmaster Okawaru
  3485 | Temple   | Reached * piety under Okawaru
  3485 | Temple   | Reached ** piety under Okawaru
  3648 | D:5      | Found a broken altar of Ashenzari.
  4031 | D:5      | Reached XP level 8. HP: 66/71 MP: 8/8
  4128 | D:5      | HP: 3/71 [gnoll/+0 halberd[a gnoll bouda] (3)]
  4131 | D:5      | Slain by a gnoll

Illustrated notes

Levels and vault maps discovered:
D:1:      ncdulo_watergridlock, layout_loops_cross
D:2:      layout_basic, minmay_bisected, uniq_natasha
D:3:      layout_basic, feat_on_display
D:4:      layout_rooms, st_stairs_10, uniq_duvessa
D:5:      old_forge, layout_cave_pools, ashenzari_altar_1,
          minmay_temple_entry_butterflies
Temple:   minmay_temple_bridge_abc

Skill      XL: |  1  2  3  4  5  6  7 |
---------------+----------------------+-----
Fighting       | 3 4 |  4.6
Maces & Flails | 3 4 |  4.7
Armour         | 1 2 3 4 |  4.7
Shields        | 1 2 3 4 |  4.2
Dodging        | 3 |  3.9
Invocations    | |  0.9

Action                     |  1- 3 |  4- 6 |  7- 9 || total
---------------------------+-------+-------+-------++-------
  Melee: Mace              |    67 |   165 |   100 ||   332
         Tailslap          |     4 |    21 |    14 ||    39
    Use: Scroll            |     3 |     4 |     1 ||     8
         Potion            |       |     5 |       ||     5
 Armour: Robe              |    18 |       |       ||    18
         Ring mail         |    14 |    80 |    79 ||   173
         Skin              |       |    31 |       ||    31
  Dodge: Dodged            |    44 |    86 |    81 ||   211
